 Dungeon Crawl Stone Soup version 0.31-a0-795-g5eb97db20b (webtiles) character file.

Game seed: 562974863077112595

44 cforsyth the Sneak (level 3, -1/31 HPs)
             Began as a Djinni Delver on Sept 19, 2023.
             Slain by Grinder (6 damage)
             ... on level 4 of the Dungeon.
             The game lasted 00:02:03 (640 turns).

cforsyth the Sneak (Djinni Delver)                   Turns: 640, Time: 00:02:04

Health: -1/31      AC:  3    Str: 11    XL:     3   Next: 85%
Gold:   71         EV: 12    Int: 13    God:
                   SH:  0    Dex: 14

rFire   + + .        e - +1 short sword (drain)
rCold   x . .        (no shield)
rNeg    . . .        b - +0 leather armour
rPois   ∞            (no helmet)
rElec   .            (no cloak)
rCorr   .            (no gloves)
SInv    .            (boots unavailable)
Will    .....        (no amulet)
Stlth   ++           (no ring)
HPRegen 0.25/turn    (no ring)
MPRegen 0.00/turn

%: infuse magic (-2 HP)
@: on berserk cooldown, flying, slowed, very slow
A: sickness immunity, fire resistance 2, cold vulnerability 1, float, innate
caster, HP casting, extra vitality 1
a: no special abilities


You were on level 4 of the Dungeon.
You visited 2 branches of the dungeon, and saw 3 of its levels.

You collected 71 gold pieces.

Inventory:

Hand Weapons
 a - a +0 falchion
 e - a +1 short sword of draining (weapon)
Armour
 b - a +0 leather armour (worn)
 j - a +0 helmet
Wands
 g - a wand of digging (3)
Scrolls
 c - a scroll of fog
 d - a scroll of revelation
 i - 2 scrolls of teleportation {unknown}
 k - a scroll of identify {unknown}
Potions
 f - a potion of haste


   Skills:
 + Level 3.7 Fighting
 - Level 1.7 Long Blades
 - Level 2.1 Dodging
 - Level 4.1 Stealth
 + Level 1.4 Spellcasting
 + Level 1.4 Conjurations
 + Level 1.4 Hexes
   Level 0.0 Charms
 + Level 1.4 Summonings
 + Level 1.4 Necromancy
 + Level 1.4 Translocations
 + Level 1.4 Transmutations
 + Level 1.4 Fire Magic
 + Level 1.4 Ice Magic
 + Level 1.4 Air Magic
 + Level 1.4 Earth Magic
 + Level 1.4 Poison Magic


You knew the following spells:

 Your Spells              Type           Power      Damage    Failure   Level
a - Sting                 Tmut/Pois      16%        1d3       21%         1
Your spell library was empty.

Dungeon Overview and Level Annotations

Branches:
Dungeon (5/15)             Temple (1/1) D:4

Altars:
Ashenzari
Cheibriados
Dithmenos
Fedhas
Gozag
Makhleb
Trog
Wu Jian
Xom
Yredelemnul
Zin

Annotations:
D:4 Duvessa, Grinder


Innate Abilities, Weirdness & Mutations

You are immune to sickness and miasma.
You are immune to poison.
Your flesh is very heat resistant. (rF++)
You are vulnerable to cold. (rC-)
You float through the air rather than walking.
You learn spells naturally, not from books.
Your magical power is your life essence.
You have superior vitality. (+4 MHP)


Message History

It was a potion of berserk rage.
A red film seems to cover your vision as you go berserk!
You feel yourself moving faster!
You feel mighty!
Grinder blinks!
You feel a strong urge to attack something.
You feel your anger nearly subside.
You are no longer berserk.
You are exhausted.
You feel yourself slow down.
Grinder says, "DUCK!"
Grinder hits you.
You writhe in agony.
You hit Grinder.
Grinder is moderately wounded.
Grinder gestures at you.
You suddenly lose the ability to move!
Grinder gestures at you. You resist with significant effort.
You can move again.
You hit Grinder. Your punch misses Grinder.
Grinder is heavily wounded.
Grinder barely misses you.
You hit Grinder.
Grinder is heavily wounded.
Grinder closely misses you.
Grinder blinks!
There is a stone staircase leading up here.
Grinder gestures at you. Pain shoots through your body!
* * * LOW HITPOINT WARNING * * *
You closely miss Grinder.
Grinder is moderately wounded.
Grinder gestures at you.
You barely resist. You hit Grinder.
Grinder is heavily wounded.
Grinder blinks!
There is a stone staircase leading up here.
Grinder attacks as she pursues you! Grinder hits you.
* * * LOW HITPOINT WARNING * * *
You writhe in agony.
You die...
Grinder says, "Now the real fun starts!"

#.#...# #.#...#
##.....####
###.........###
.#........[....#
.........#...#.#
.##..##.###.##.#
# .......##
##.#5# .# #
###....
##...@####.#.#.#
#.###
#..............#
#
#..###.........##
#......#.#######
#####...# ##.##
#. .. ###


You could see Grinder.

Vanquished Creatures
  Robin (D:4)
  An adder (D:4)
  2 dart slugs (D:4)
  An endoplasm (D:4)
  A giant cockroach (D:4)
  5 goblins (D:4)
  2 hobgoblins (D:4)
  4 jackals (D:5)
17 creatures vanquished.

Notes
Turn   | Place    | Note
-------+----------+-------------------------------------------
     0 | D:5      | cforsyth the Djinni Delver began the quest for the Orb.
     0 | D:5      | Reached XP level 1. HP: 20/20 MP: 0/0
   346 | D:5      | Noticed a sleepcap
   364 | D:4      | Found a staircase to the Ecumenical Temple.
   374 | D:4      | Reached XP level 2. HP: 14/25 MP: 0/0
   377 | Temple   | Entered the Ecumenical Temple
   395 | D:4      | Noticed Robin
   412 | D:4      | Reached skill level 1 in Spellcasting
   412 | D:4      | Reached skill level 1 in Conjurations
   412 | D:4      | Reached skill level 1 in Hexes
   412 | D:4      | Reached skill level 1 in Summonings
   412 | D:4      | Reached skill level 1 in Necromancy
   412 | D:4      | Reached skill level 1 in Translocations
   412 | D:4      | Reached skill level 1 in Transmutations
   412 | D:4      | Reached skill level 1 in Fire Magic
   412 | D:4      | Reached skill level 1 in Ice Magic
   412 | D:4      | Reached skill level 1 in Air Magic
   412 | D:4      | Reached skill level 1 in Earth Magic
   412 | D:4      | Reached skill level 1 in Poison Magic
   457 | D:4      | Noticed Duvessa
   487 | D:4      | Killed Robin
   488 | D:4      | Reached XP level 3. HP: 15/30 MP: 0/0
   488 | D:4      | Learned a level 1 spell: Sting
   620 | D:4      | Noticed Grinder
   631 | D:4      | Paralysed by Grinder for 2 turns
   640 | D:4      | Slain by Grinder

Illustrated notes

Levels and vault maps discovered:
D:4:      layout_loops_ring, nemelex_diamond_rough_becter,
          minmay_temple_entry_drinking_statues, cheibrodos_sewer_entry_bend,
          minmay_small_thing, uniq_duvessa, uniq_robin, uniq_grinder
D:5:      layout_loops_cross, minmay_misc_feat_secret_circle
Temple:   nicolae_temple_bog_church

Skill      XL: |  1  2 |
---------------+-------+-----
Spellcasting   | 1 |  1.4
Conjurations   | 1 |  1.4
Hexes          | 1 |  1.4
Summonings     | 1 |  1.4
Necromancy     | 1 |  1.4
Translocations | 1 |  1.4
Transmutations | 1 |  1.4
Fire Magic     | 1 |  1.4
Ice Magic      | 1 |  1.4
Air Magic      | 1 |  1.4
Earth Magic    | 1 |  1.4
Poison Magic   | 1 |  1.4
Fighting       | |  3.7
Long Blades    | |  1.7
Dodging        | |  2.1
Stealth        | |  4.1

Action                     || total
---------------------------++-------
  Melee: Falchion          ||    50
         Short sword       ||    22
    Use: Scroll            ||     1
         Potion            ||     1
   Stab: Sleeping          ||     4
 Armour: Leather armour    ||    40
  Dodge: Dodged            ||    48

Table legend: (Time is in decaauts)
 A = Elapsed time spent in this place.
 B = Non-inter-level travel time spent in this place.
 C = Inter-level travel time spent in this place.
 D = Time resting spent in this place.
 E = Time spent auto-exploring this place.
 F = Levels seen in this place.
 G = Mean time per level.
                   A        B        C        D        E       F      G
               +--------+--------+--------+--------+--------+-----+--------+
         Total |    652 |    652 |      0 |    130 |    138 |   3 |  217.3 |
       Dungeon |    651 |    651 |      0 |    130 |    138 |   2 |  325.5 |
        Temple |      1 |      1 |      0 |      0 |      0 |   1 |    1.0 |
               +--------+--------+--------+--------+--------+-----+--------+

Top non-repeatable levels by time:
     D:5: 362 daAuts
     D:4: 288 daAuts
  Temple: 1 daAuts
